AoeStats
← TableChair123

Arena

506646012Analyzed
2v2 RM · 18d ago on Sep 14, 2026· 42m 15s· 4 players
Game mode
Random Map
Map size
Medium (4 player)
Population
200
Speed
Normal
Resources
Standard
Victory
Conquest
Starting age
Dark Age
Ending age
Imperial Age
RankedLock teamsTeams togetherTeam positionsShared explorationLock speedFull tech treeHidden civsTurbo modeCheats
Victory
Defeat
🇦🇷 Britons · Argentina
1097
+14
🇭🇰 Persians · Hong Kong SAR China
1092
+13
🇦🇷 Malians · Argentina
1062
-14
🇨🇳 Mongols · China
1035
-13
犹豫就会败北
1:49 Loom
2:56 Loom
10:43 Feudal Age
15:09 Castle Age
13:21 Double-Bit Axe
13:23 Horse Collar
31:03 Imperial Age
29:13 Wheelbarrow
28:25 Town Watch
28:37 Gold Mining
29:07 Bow Saw
28:59 Heavy Plow
29:49 Fletching
29:59 Padded Archer Armor
30:56 Hand Cart
30:41 Bodkin Arrow
32:17 Conscription
31:49 Elite Mangudai
32:52 Bloodlines
32:43 Husbandry
32:04 Light Cavalry
33:29 Parthian Tactics
33:14 Bracer
34:05 Gold Shaft Mining
35:30 Thumb Ring
35:06 Light Cavalry
37:08 Chemistry
36:29 Ballistics
36:06 Hussar
38:59 Leather Archer Armor
38:50 Scale Barding Armor
38:56 Forging
LoRD_FeDe
10:55 Feudal Age
14:34 Castle Age
16:13 Loom
20:28 Forging
20:09 Fletching
28:07 Horse Collar
28:14 Double-Bit Axe
35:53 Wheelbarrow
42:57 Imperial Age
40:41 Bloodlines
40:31 Husbandry
42:01 Scale Barding Armor
TableChair123
11:21 Feudal Age
12:00 Horse Collar
15:34 Castle Age
13:45 Double-Bit Axe
14:21 Horse Collar
14:36 Gold Mining
17:43 Bow Saw
19:31 Heavy Plow
21:46 Wheelbarrow
20:57 Loom
24:57 Stone Mining
28:17 Imperial Age
27:09 Stone Shaft Mining
26:53 Hand Cart
26:24 Town Watch
27:05 Scale Barding Armor
27:47 Gold Shaft Mining
28:28 Bloodlines
28:19 Husbandry
28:40 Chain Barding Armor
30:03 Plate Barding Armor
28:51 Cavalier
30:07 Forging
31:00 Chemistry
30:31 Conscription
30:49 Light Cavalry
32:17 Iron Casting
32:22 Fletching
33:14 Ballistics
33:06 Kamandaran
33:53 Guilds
34:45 Blast Furnace
33:10 Crossbowman
33:46 Bodkin Arrow
34:33 Padded Archer Armor
34:47 Masonry
35:44 Thumb Ring
35:07 Elite Skirmisher
35:47 Savar
37:48 Leather Archer Armor
39:29 Ring Archer Armor
40:26 Architecture
43:29 Hoardings
Lưu Huyền Đức
9:23 Feudal Age
12:38 Double-Bit Axe
17:20 Castle Age
18:45 Bow Saw
21:31 Fletching
22:47 Bodkin Arrow
23:38 Ballistics
29:02 Wheelbarrow
35:54 Imperial Age
35:01 Hand Cart
35:18 Padded Archer Armor
36:02 Gold Mining
37:40 Two-Man Saw
38:32 Chemistry
40:02 Bracer
40:29 Yeomen
42:09 Gold Shaft Mining
Connection lost

Rejoining the realm…

Still unreachable

The connection could not be restored.

Session expired

The server has moved on; the page needs a fresh start.